 Dungeon Crawl Stone Soup version 0.20.1-1-g8b1a95d (webtiles) character file.

23585 GenChuck the Impaler (level 12, 0/106 HPs)
             Began as a Minotaur Fighter on Oct 28, 2017.
             Was a High Priest of the Shining One.
             Slain by a great orb of eyes (14 damage)
             ... while paralysed by a great orb of eyes
             ... on level 1 of the Pits of Slime on Oct 30, 2017.
             The game lasted 02:47:55 (14197 turns).

GenChuck the Impaler (Minotaur Fighter)            Turns: 14197, Time: 02:47:57

Health: 0/106      AC:  3    Str: 24    XL:     12   Next: 73%
Magic:  12/12      EV:  2    Int: 11    God:    the Shining One [*****.]
Gold:   625        SH:  0    Dex: 12    Spells: 12/12 levels left

rFire    . . .     SeeInvis .   k - +8 trident (elec)
rCold    . . .     Gourm    .   c - +0 shield
rNeg     + + .     Faith    +   U - +1 troll leather armour
rPois    .         Spirit   .   (helmet restricted)
rElec    +         Reflect  .   (no cloak)
rCorr    .         Harm     .   (no gloves)
MR       .....                  u - +0 pair of boots
Stlth    +.........             r - amulet of faith
Regen    0.7/turn               n - +4 ring of intelligence
MPRegen  0.2/turn               P - ring of flight

@: paralysed, corroded, glowing
A: retaliatory headbutt, horns 2, clever 1, electricity resistance
a: Divine Shield, Cleansing Flame, Summon Divine Warrior, Renounce Religion,
Evoke Flight


You were on level 1 of the Pits of Slime.
You worshipped the Shining One.
The Shining One was extremely pleased with you.
You were not hungry.

You visited 4 branches of the dungeon, and saw 18 of its levels.

You collected 786 gold pieces.
You spent 161 gold pieces at shops.

Inventory:

Hand Weapons
 k - a +8 trident of electrocution (weapon)
 N - a +2 scimitar of flaming
Missiles
 C - 3 tomahawks (quivered)
Armour
 c - a +0 shield (worn)
 u - a +0 pair of boots (worn)
 U - a +1 troll leather armour (worn)
 W - a +0 buckler of cold resistance
Magical Staves
 e - an uncursed staff of summoning {unknown}
 M - an uncursed staff of energy
 O - an uncursed staff of air {unknown}
Jewellery
 n - a +4 ring of intelligence (left hand)
 r - an amulet of faith (around neck)
 H - an uncursed ring of fire
 P - a ring of flight (right hand)
Wands
 b - a wand of flame (29/48)
 i - a wand of iceblast (4/15)
 w - a wand of lightning (3/15)
 x - a wand of lightning (6/15)
 z - a wand of flame (24/48)
 I - a wand of scattershot (0/9)
 L - a wand of acid (7/15)
 R - a wand of polymorph (1/24)
 S - a wand of disintegration (13/24)
 X - a wand of paralysis (14/24)
Scrolls
 h - 2 scrolls of fear
 m - 2 scrolls of recharging
 s - 10 scrolls of remove curse
 y - 4 scrolls of amnesia
 D - a scroll of enchant armour
 E - a scroll of identify
 F - 2 scrolls of blinking
 Z - a scroll of fog
Potions
 d - 9 potions of might
 q - 6 potions of agility
 t - a potion of berserk rage {unknown}
 v - 6 potions of curing
 B - 2 potions of invisibility
 J - 2 potions of magic
Books
 j - a book of Flames

   Spells                             Type                      Level
   a - Flame Tongue                   Conjuration/Fire             1
   b - Throw Flame                    Conjuration/Fire             2
   c - Conjure Flame                  Conjuration/Fire             3
   d - Inner Flame                    Hexes/Fire                   3
   e - Sticky Flame                   Conjuration/Fire             4
   f - Fireball                       Conjuration/Fire             5
 A - a book of Minor Magic

   Spells                             Type                      Level
   a - Magic Dart                     Conjuration                  1
   b - Blink                          Translocation                2
   c - Call Imp                       Summoning                    2
   d - Slow                           Hexes                        2
   e - Conjure Flame                  Conjuration/Fire             3
   f - Mephitic Cloud                 Conjuration/Poison/Air       3
 V - a book of Debilitation

   Spells                             Type                      Level
   a - Corona                         Hexes                        1
   b - Slow                           Hexes                        2
   c - Inner Flame                    Hexes/Fire                   3
   d - Portal Projectile              Hexes/Translocation          3
   e - Cause Fear                     Hexes                        4
   f - Leda's Liquefaction            Hexes/Earth                  4
Miscellaneous
 T - a phantom mirror
 Y - 2 sacks of spiders
Comestibles
 a - 11 chunks of flesh
 f - 7 bread rations
 l - 5 meat rations
 o - 2 royal jellies
 p - 7 fruits


   Skills:
 + Level 10.1 Fighting
   Level 3.0(11.0) Axes
 * Level 15.7(15.8) Polearms
 + Level 2.4 Throwing
 + Level 8.5 Armour
 + Level 7.0 Dodging
 + Level 3.1 Stealth
 + Level 12.1 Shields
 + Level 0.5 Spellcasting
   Level 0.7 Conjurations
 + Level 0.4 Invocations
 + Level 1.6 Evocations


You had 12 spell levels left.
You didn't know any spells.

Dungeon Overview and Level Annotations

Branches:
Dungeon (11/15)            Temple (1/1) D:4            Lair (5/6) D:10
  Swamp (0/4) Lair:2        Snake (0/4) Lair:3        Slime (1/5) Lair:5
    Orc: D:9-12

Altars:
Ashenzari
Cheibriados
Dithmenos
Elyvilon
Fedhas
Gozag
Hepliaklqana
Kikubaaqudgha
Makhleb
Nemelex Xobeh
Okawaru
Qazlal
Ru
Sif Muna
Trog
Uskayaw
Vehumet
Xom
Yredelemnul
Zin
The Shining One
Jiyva

Shops:
D:10 [

Annotations:
D:5 Pikel


Innate Abilities, Weirdness & Mutations

You reflexively headbutt those who attack you in melee.
You have a pair of horns on your head.
Your mind is acute. (Int +2)
You are resistant to electric shocks. (rElec)


Message History

The acid blob jiggles.
An azure jelly comes into view.
There is a staircase back to the Lair, spattered with blood here.
You see here an elephant corpse.
The acid blob spits acid at you. The splash of acid hits you!
You are splashed with acid!
The acid burns!
The great orb of eyes gazes at you.
You suddenly lose the ability to move!
The acid blob spits acid at you. The splash of acid hits you!
You are splashed with acid!
The acid burns!
The acid blob spits acid at you. The splash of acid hits you!
You are splashed with acid!
The acid burns!
* * * LOW HITPOINT WARNING * * *
The acid blob spits acid at you. The splash of acid hits you!
* * * LOW HITPOINT WARNING * * *
The acid corrodes you!
You are splashed with acid!
The acid burns!
* * * LOW HITPOINT WARNING * * *
The great orb of eyes bites you!
You die...

............J##.
..#..#....J.....
.#..............
................
................
........J......
.....>..J..#
......G@...#
...........#
.......J...#
..........##
#....#....#
...###....# ..#
....## ## ......


You could see 2 acid blobs, an azure jelly, a great orb of eyes and 2 slime
creatures.

Vanquished Creatures
  2 hydras
  Erica (D:8)
  A two-headed ogre (D:10)
  A queen ant (Lair:2)
  5 elephants
  Maurice (D:8)
  8 spiny frogs
  A torpor snail (Lair:4)
  3 rime drakes
  4 komodo dragons
  A troll (D:8)
  A polar bear (Lair:4)
  5 hippogriffs
  3 blink frogs (Lair:3)
  A vampire (D:9)
  3 wyverns
  A hungry ghost (D:8)
  19 yaks
  A basilisk (Lair:4)
  Grum (D:8)
  3 nagas (Lair:3)
  5 soldier ants (Lair:2)
  An acid dragon (D:9)
  Duvessa (D:5)
  5 water moccasins
  7 porcupines
  3 orc warriors
  A hornet zombie (D:9)
  2 sky beasts
  3 ice beasts
  A necrophage (D:5)
  2 ogres
  4 wolves (D:8)
  A black bear (D:9)
  4 centaurs
  12 crocodiles
  A big kobold (D:10)
  10 bullfrogs
  A gnoll sergeant (D:8)
  Dowan (D:5)
  5 scorpions
  3 killer bees (D:8)
  6 howler monkeys
  4 jellies
  A bullfrog zombie (D:9)
  A centaur zombie (D:10)
  3 crimson imps
  A quasit (D:9)
  6 hounds
  11 orc wizards
  5 orc priests
  A bullfrog skeleton (D:3)
  A centaur skeleton (D:9)
  7 iguanas
  10 worker ants
  2 hound skeletons
  Robin (D:4)
  16 adders
  11 gnolls
  3 shadow imps
  3 oozes
  An adder zombie (D:5)
  2 adder skeletons
  3 worms
  4 dart slugs
  3 leopard geckos
  27 orcs
  2 ball pythons
  3 giant cockroaches
  18 goblins
  14 hobgoblins
  3 jackals (D:3)
  4 quokkas
  6 bats
  5 frilled lizards
  A giant cockroach zombie (D:5)
  A jackal skeleton (D:4)
  A jackal zombie (D:6)
  24 kobolds
  4 quokka skeletons
  8 rats
  2 plants (D:1)
368 creatures vanquished.

Vanquished Creatures (others)
  A bush (Lair:5)
  2 fungi (Lair:5)
  6 plants
9 creatures vanquished.

Grand Total: 377 creatures vanquished

Notes
Turn   | Place    | Note
-------+----------+-------------------------------------------
     0 | D:1      | GenChuck the Minotaur Fighter began the quest for the Orb.
     0 | D:1      | Reached XP level 1. HP: 19/19 MP: 0/0
   139 | D:1      | Reached XP level 2. HP: 21/27 MP: 1/1
   510 | D:1      | Reached XP level 3. HP: 33/33 MP: 2/2
  1485 | D:2      | Reached skill level 1 in Polearms
  1495 | D:2      | Reached XP level 4. HP: 40/40 MP: 3/3
  2116 | D:2      | Reached skill level 2 in Polearms
  2329 | D:2      | Reached skill level 3 in Polearms
  2344 | D:3      | Reached skill level 1 in Dodging
  2344 | D:3      | Reached XP level 5. HP: 46/46 MP: 4/4
  2543 | D:3      | Reached skill level 4 in Polearms
  2547 | D:3      | Learned a level 1 spell: Magic Dart
  2941 | D:3      | Reached skill level 5 in Armour
  2941 | D:3      | Reached XP level 6. HP: 20/52 MP: 5/5
  3342 | D:5      | Entered Level 5 of the Dungeon
  3342 | D:5      | Noticed an ice beast
  3931 | D:4      | Noticed Robin
  3946 | D:4      | Killed Robin
  4004 | D:4      | Reached skill level 5 in Polearms
  4014 | D:4      | Found a staircase to the Ecumenical Temple.
  4065 | Temple   | Entered the Ecumenical Temple
  4132 | Temple   | Became a worshipper of the Shining One
  4714 | D:4      | Reached XP level 7. HP: 60/60 MP: 6/6
  4769 | D:4      | Gained mutation: You are resistant to electric shocks. (rElec) [potion of mutation]
  4769 | D:4      | Gained mutation: Your mind is acute. (Int +2) [potion of mutation]
  4810 | D:4      | Reached skill level 6 in Polearms
  4810 | D:4      | Reached skill level 5 in Shields
  5118 | D:5      | Reached * piety under the Shining One
  5168 | D:5      | Reached skill level 7 in Polearms
  5425 | D:5      | Reached XP level 8. HP: 65/67 MP: 7/7
  5516 | D:5      | Found a glowing golden altar of the Shining One.
  5620 | D:5      | Noticed Pikel
  5625 | D:5      | Noticed Duvessa
  5625 | D:5      | Noticed Dowan
  5630 | D:5      | Killed Duvessa
  5630 | D:5      | Reached skill level 8 in Polearms
  5635 | D:5      | Killed Dowan
  6038 | D:5      | Got a steaming falchion
  6039 | D:5      | Identified the +5 falchion "Murmur" {drain, rC- Dex+3} (You found it on level 5 of the Dungeon)
  6067 | D:5      | Reached skill level 5 in Fighting
  6316 | D:6      | Reached ** piety under the Shining One
  6325 | D:6      | Reached skill level 9 in Polearms
  6947 | D:7      | Noticed a hippogriff
  6953 | D:6      | Killed a hippogriff
  7012 | D:7      | Noticed a hippogriff
  7020 | D:7      | Killed a hippogriff
  7020 | D:7      | Reached XP level 9. HP: 74/74 MP: 8/8
  7148 | D:7      | Reached skill level 10 in Polearms
  7452 | D:7      | Found an iron altar of Okawaru.
  7542 | D:7      | Found a shimmering altar of Xom.
  7552 | D:7      | Found a radiant altar of Vehumet.
  7557 | D:7      | Found an iron altar of Okawaru.
  7567 | D:7      | Found an ancient bone altar of Kikubaaqudgha.
  8118 | D:8      | Found a deep blue altar of Sif Muna.
  8145 | D:8      | Noticed Erica
  8348 | D:8      | Killed Erica
  8348 | D:8      | Reached skill level 11 in Polearms
  8422 | D:8      | Found an opulent altar of Gozag.
  8499 | D:9      | Noticed a troll
  8926 | D:7      | Reached XP level 10. HP: 83/83 MP: 9/9
  8955 | D:7      | Reached *** piety under the Shining One
  9065 | D:8      | Noticed Maurice
  9073 | D:8      | Killed Maurice
  9073 | D:8      | Reached skill level 12 in Polearms
  9073 | D:8      | Reached skill level 1 in Stealth
  9148 | D:8      | Noticed Grum
  9162 | D:8      | Killed Grum
  9618 | D:10     | Entered Level 10 of the Dungeon
  9651 | D:9      | Reached skill level 13 in Polearms
  9820 | D:10     | Found Ysulycarr's Armour Boutique.
  9828 | D:10     | Bought a +0 buckler of cold resistance for 161 gold pieces
 10249 | D:11     | Reached **** piety under the Shining One
 10489 | D:10     | Reached skill level 10 in Shields
 10531 | D:10     | Noticed a two-headed ogre
 10583 | D:10     | Killed a two-headed ogre
 10583 | D:10     | Reached XP level 11. HP: 49/92 MP: 6/10
 10834 | D:10     | Found a staircase to the Lair.
 10848 | Lair:1   | Entered Level 1 of the Lair of Beasts
 11063 | Lair:1   | Reached skill level 14 in Polearms
 11171 | Lair:1   | Reached skill level 5 in Dodging
 12106 | Lair:2   | Noticed a queen ant
 12113 | Lair:2   | Killed a queen ant
 12113 | Lair:2   | Reached skill level 1 in Throwing
 12244 | Lair:2   | Found a staircase to the Swamp.
 12441 | Lair:2   | You fall through a shaft!
 12888 | Lair:3   | Found a staircase to the Snake Pit.
 12998 | Lair:3   | Reached ***** piety under the Shining One
 13004 | Lair:3   | Reached XP level 12. HP: 103/103 MP: 11/11
 13147 | Lair:4   | Reached skill level 15 in Polearms
 13474 | Lair:4   | Reached skill level 1 in Evocations
 13567 | Lair:4   | Noticed a six-headed hydra
 13619 | Lair:4   | Killed a six-headed hydra
 14050 | Lair:5   | Found a staircase to the Slime Pits.
 14050 | Lair:5   | Found a viscous altar of Jiyva.
 14058 | Lair:5   | Noticed a six-headed hydra
 14072 | Lair:5   | Killed a six-headed hydra
 14072 | Lair:5   | Reached skill level 10 in Fighting
 14186 | Slime:1  | Entered Level 1 of the Pits of Slime
 14186 | Slime:1  | Noticed a great orb of eyes
 14186 | Slime:1  | Noticed an acid blob
 14190 | Slime:1  | Noticed an acid blob
 14193 | Slime:1  | Noticed an azure jelly
 14194 | Slime:1  | Paralysed by a great orb of eyes for 6 turns
 14197 | Slime:1  | Slain by a great orb of eyes

Skill      XL: |  1  2  3  4  5  6  7  8  9 10 11 12 |
---------------+-------------------------------------+-----
Fighting       | 4 5 6 7 8 10 | 10.1
Armour         | 4 5 6 7 8 |  8.5
Axes           | 3 |  3.0
Shields        | 4 5 6 8 10 11 12 | 12.1
Polearms       | 1 3 4 5 7 9 11 13 14 15 | 15.7
Dodging        | 1 2 3 4 6 7 |  7.0
Stealth        | 1 2 3 |  3.1
Throwing       | 1 2 |  2.4
Evocations     | 1 |  1.6
Spellcasting   | |  0.5
Conjurations   | |  0.7
Invocations    | |  0.4

Action                   |  1- 3 |  4- 6 |  7- 9 | 10-12 || total
-------------------------+-------+-------+-------+-------++-------
Melee: War axe           |    74 |       |       |       ||    74
       Headbutt          |    21 |    20 |    40 |   105 ||   186
       Trident           |    37 |   165 |   212 |   470 ||   884
       Hand axe          |     4 |       |       |       ||     4
Throw: Tomahawk          |       |       |     3 |    25 ||    28
Invok: Divine Shield     |       |       |       |     1 ||     1
Evoke: Wand              |       |       |       |    15 ||    15
  Use: Scroll            |     6 |     8 |    15 |    11 ||    40
       Potion            |     5 |     4 |     5 |     4 ||    18
  Eat: Chunk             |     2 |     6 |     3 |    10 ||    21
       Bread ration      |       |     1 |     2 |       ||     3
       Fruit             |       |     1 |       |       ||     1
       Royal jelly       |       |       |     1 |     1 ||     2
       Meat ration       |       |       |       |     1 ||     1
Armor: Scale mail        |    48 |    58 |    49 |    18 ||   173
       Troll leather arm |       |       |       |    54 ||    54
Dodge: Dodged            |    26 |    48 |    50 |   143 ||   267
Block: Shield            |    49 |    74 |    98 |   229 ||   450
